 Dungeon Crawl Stone Soup version 0.28-a0-95-g65e1ffefe4 (webtiles) character file.

Game seed: 15204786550781463482

891 Gargoyl the Skirmisher (level 8, -1/67 HPs)
             Began as a Gnoll Abyssal Knight on Aug 8, 2021.
             Was a Believer of Lugonu.
             Slain by an orc warrior (10 damage)
             ... on level 5 of the Dungeon.
             The game lasted 00:06:56 (5537 turns).

Gargoyl the Skirmisher (Gnoll Abyssal Knight)       Turns: 5537, Time: 00:06:57

Health: -1/67      AC: 12    Str: 14    XL:     8   Next: 6%
Magic:  12/12      EV:  2    Int: 12    God:    Lugonu [**....]
Gold:   230        SH:  8    Dex:  9    Spells: 12/12 levels left

rFire   . . .      SeeInvis .   j - +4 falchion
rCold   . . .      Faith    .   c - +0 kite shield
rNeg    . . .      Spirit   .   k - +0 plate armour
rPois   +          Reflect  .   (no helmet)
rElec   .          Harm     .   (no cloak)
rCorr   .          Rampage  .   (no gloves)
Will    .....                   (no boots)
Stlth   ..........              (no amulet)
HPRegen 0.21/turn               (no ring)
MPRegen 0.13/turn               (no ring)

@: no status effects
A: fangs 1, strong nose, distributed training, clumsy 1, poison resistance
a: Renounce Religion, Depart the Abyss, Bend Space


You were on level 5 of the Dungeon.
You worshipped Lugonu.
Lugonu was pleased with you.
You visited 1 branch of the dungeon, and saw 6 of its levels.
You visited the Abyss 1 time.

You collected 230 gold pieces.

Inventory:

Hand Weapons
 a - a +1 hand axe
 j - a +4 falchion (weapon)
 p - a +0 war axe
Armour
 c - a +0 kite shield (worn)
 k - a +0 plate armour (worn)
Wands
 i - a wand of digging (8)
Scrolls
 g - 4 scrolls of teleportation
Potions
 b - a potion of lignification
 d - a potion of haste
 h - a potion of berserk rage {unknown}
 l - 4 potions of curing
 m - a potion of attraction {unknown}
 n - 2 potions of heal wounds {unknown}
 o - a potion of mutation


   Skills:
 + Level 7.2 Fighting
 + Level 2.9 Short Blades
 + Level 2.9 Long Blades
 + Level 5.4 Axes
 + Level 2.9 Maces & Flails
 + Level 2.9 Polearms
 + Level 2.9 Staves
 + Level 2.9 Slings
 + Level 2.9 Bows
 + Level 2.9 Crossbows
 + Level 2.9 Throwing
 + Level 5.4 Armour
 + Level 3.9 Dodging
 + Level 2.9 Stealth
 + Level 2.9 Shields
 + Level 2.9 Unarmed Combat
 + Level 2.9 Spellcasting
 + Level 2.3 Conjurations
 + Level 2.3 Hexes
 + Level 2.3 Summonings
 + Level 2.3 Necromancy
 + Level 2.3 Translocations
 + Level 2.3 Transmutations
 + Level 2.3 Fire Magic
 + Level 2.3 Ice Magic
 + Level 2.3 Air Magic
 + Level 2.3 Earth Magic
 + Level 2.3 Poison Magic
 + Level 5.6 Invocations
 + Level 2.9 Evocations


You had 12 spell levels left.
You didn't know any spells.
Your spell library contained the following spells:

 Spells                   Type           Power      Damage    Failure   Level
 Call Canine Familiar     Summ           7%         N/A       100%        3
 Gell's Gravitas          Tloc           3%         N/A       100%        3
 Lesser Beckoning         Tloc           3%         N/A       100%        3
 Portal Projectile        Hex/Tloc       14%        N/A       100%        3
 Teleport Other           Tloc           7%         N/A       100%        3
 Leda's Liquefaction      Hex/Erth       3%         N/A       100%        4


Dungeon Overview and Level Annotations

Branches:
Dungeon (6/15)
 Temple: D:4-7

Altars:
Cheibriados
Okawaru
The Shining One

Shops:
D:2 [


Innate Abilities, Weirdness & Mutations

You have very sharp teeth.
Your uncanny sense of smell can sniff out nearby items.
Your experience applies equally to all skills.
You are clumsy. (Dex -2)
Your system is resistant to poisons. (rPois)


Message History

The orc warrior is heavily wounded.
You block the orc warrior's attack. x2
You hit the orc warrior.
The orc warrior is severely wounded.
The orc warrior hits you with a +0 war axe.
* * * LOW HITPOINT WARNING * * *
You hit the orc warrior but do no damage.
You bite the orc warrior, but do no damage.
The orc warrior is severely wounded.
The orc warrior hits you but does no damage.
You hit the orc warrior. Your bite misses the orc warrior.
The orc warrior is almost dead.
The orc warrior hits you but does no damage.
You block the orc warrior's attack.
You closely miss the orc warrior.
The orc warrior is almost dead.
The orc warrior hits you with a +0 war axe.
* * * LOW HITPOINT WARNING * * *
You hit the orc warrior but do no damage.
The orc warrior is almost dead.
You block the orc warrior's attack. x2
You are confused.
You feel invigorated.
The orc warrior hits you but does no damage.
You bump into the rock wall.
You feel less invigorated.
You feel less confused.
The orc warrior hits you with a +0 war axe.
* * * LOW HITPOINT WARNING * * *
You hit the orc warrior.
The orc warrior is almost dead.
The orc warrior hits you with a +0 war axe!
* * * LOW HITPOINT WARNING * * *
You hit the orc warrior but do no damage.
The orc warrior is almost dead.
The orc warrior hits you but does no damage.
You block the orc warrior's attack.
Your shield and plate armour prevent you from hitting the orc warrior.
The orc warrior is almost dead.
The orc warrior hits you with a +0 war axe!
You die...

############# #...........#
#.#########.# #.# #...# #.#
#[### #.# #.######### #.#
#.#.......# #.#
#.#.#####.############# #.#
####.#.oo@................ #.#
#....#.#####.#####........ #.#
#..........#.# #........ #.#
#..........#.#####........
#.####.....>....+..............
#.#..+..........#.#####........
#.#.##....##........# #........
#.#.###...++........# #...#####
#.#.###...#.........# #.### #


You could see an orc warrior and an orc.

Vanquished Creatures
  2 sky beasts (D:5)
  2 black bears (D:5)
  An ogre (D:5)
  Blork the orc (D:5)
  A wyvern zombie (D:5)
  A jelly (D:5)
  3 hounds
  A gnoll shaman (D:3)
  An iguana (D:4)
  A mummy (D:4)
  4 gnolls
  4 adders
  An ufetubus (D:5)
  10 orcs
  2 endoplasms (D:3)
  6 giant cockroaches
  3 goblins
  5 hobgoblins
  4 jackals (D:5)
  6 quokkas
  2 ball pythons (D:1)
  A frilled lizard (D:1)
  4 kobolds
  6 rats
72 creatures vanquished.

Notes
Turn   | Place    | Note
-------+----------+-------------------------------------------
     0 | Abyss:1  | Gargoyl the Gnoll Abyssal Knight began the quest for the
                  | Orb.
     0 | Abyss:1  | Reached XP level 1. HP: 23/23 MP: 3/3
     4 | Abyss:1  | Found a corrupted altar of Lugonu.
     4 | Abyss:1  | Noticed an earth elemental
    33 | Abyss:1  | Gained mutation: You have a pair of small horns on your
                  | head. [potion of mutation]
    54 | Abyss:1  | Noticed a quasit
    66 | D:1      | Escaped the Abyss
   208 | D:1      | Reached XP level 2. HP: 28/29 MP: 5/5
   237 | D:1      | Reached * piety under Lugonu
   737 | D:2      | Reached XP level 3. HP: 32/35 MP: 6/6
   828 | D:2      | Found Fisot's Armour Emporium.
  1629 | D:3      | Reached skill level 1 in Short Blades
  1629 | D:3      | Reached skill level 1 in Long Blades
  1629 | D:3      | Reached skill level 1 in Maces & Flails
  1629 | D:3      | Reached skill level 1 in Polearms
  1629 | D:3      | Reached skill level 1 in Staves
  1629 | D:3      | Reached skill level 1 in Slings
  1629 | D:3      | Reached skill level 1 in Bows
  1629 | D:3      | Reached skill level 1 in Crossbows
  1629 | D:3      | Reached skill level 1 in Throwing
  1629 | D:3      | Reached skill level 1 in Stealth
  1629 | D:3      | Reached skill level 1 in Shields
  1629 | D:3      | Reached skill level 1 in Unarmed Combat
  1629 | D:3      | Reached skill level 1 in Spellcasting
  1629 | D:3      | Reached skill level 1 in Evocations
  1629 | D:3      | Reached XP level 4. HP: 9/41 MP: 7/7
  1916 | D:3      | Reached skill level 1 in Conjurations
  1916 | D:3      | Reached skill level 1 in Hexes
  1916 | D:3      | Reached skill level 1 in Summonings
  1916 | D:3      | Reached skill level 1 in Necromancy
  1916 | D:3      | Reached skill level 1 in Translocations
  1916 | D:3      | Reached skill level 1 in Transmutations
  1916 | D:3      | Reached skill level 1 in Fire Magic
  1916 | D:3      | Reached skill level 1 in Ice Magic
  1916 | D:3      | Reached skill level 1 in Air Magic
  1916 | D:3      | Reached skill level 1 in Earth Magic
  1916 | D:3      | Reached skill level 1 in Poison Magic
  2603 | D:3      | Reached XP level 5. HP: 13/47 MP: 8/8
  2941 | D:4      | Found a glowing golden altar of the Shining One.
  3141 | D:4      | Reached skill level 5 in Invocations
  3487 | D:4      | Reached XP level 6. HP: 47/53 MP: 9/9
  3622 | D:4      | Found a snail-covered altar of Cheibriados.
  4050 | D:5      | Entered Level 5 of the Dungeon
  4147 | D:5      | Noticed a sky beast
  4185 | D:5      | Killed a sky beast
  4186 | D:5      | Reached skill level 5 in Axes
  4186 | D:5      | Reached skill level 5 in Armour
  4408 | D:5      | Noticed a black bear
  4409 | D:5      | Found an iron altar of Okawaru.
  4419 | D:5      | Killed a black bear
  4420 | D:5      | Reached XP level 7. HP: 50/59 MP: 10/10
  4561 | D:5      | Lost mutation: You have a pair of small horns on your head.
                  | [potion of mutation]
  4561 | D:5      | Gained mutation: Your system is resistant to poisons.
                  | (rPois) [potion of mutation]
  4561 | D:5      | Gained mutation: You are clumsy. (Dex -2) [potion of
                  | mutation]
  4597 | D:5      | Reached skill level 7 in Fighting
  4663 | D:5      | Reached ** piety under Lugonu
  4701 | D:5      | Noticed Blork the orc
  4717 | D:5      | Killed Blork the orc
  4944 | D:5      | Identified the +1 robe of the Shoals {rElec rPois rN+++
                  | Str-2}
  5145 | D:5      | Reached XP level 8. HP: 19/67 MP: 12/12
  5537 | D:5      | Slain by an orc warrior

Illustrated notes

Levels and vault maps discovered:
D:1:      lightli_molten_gateway, layout_rooms
D:2:      layout_rooms, serial_shops, nicolae_lakefront_shop,
          hangedman_decor_clover_reticule
D:3:      wander_river, layout_rooms
D:4:      layout_gridville, slow_altar_1, mainiacjoe_overflow_tiny_flanked
D:5:      layout_basic, mainiacjoe_overflow_brackets, uniq_blork_the_orc
D:6:      layout_basic, demons_altar, elyvilon_altar_4, minmay_ogre_servants,
          uniq_menkaure

Skill      XL: |  1  2  3  4  5  6  7 |
---------------+----------------------+-----
Short Blades   | 1 2 |  2.9
Long Blades    | 1 2 |  2.9
Maces & Flails | 1 2 |  2.9
Polearms       | 1 2 |  2.9
Staves         | 1 2 |  2.9
Slings         | 1 2 |  2.9
Bows           | 1 2 |  2.9
Crossbows      | 1 2 |  2.9
Throwing       | 1 2 |  2.9
Stealth        | 1 2 |  2.9
Shields        | 1 2 |  2.9
Unarmed Combat | 1 2 |  2.9
Spellcasting   | 1 2 |  2.9
Evocations     | 1 2 |  2.9
Conjurations   | 1 2 |  2.3
Hexes          | 1 2 |  2.3
Summonings     | 1 2 |  2.3
Necromancy     | 1 2 |  2.3
Translocations | 1 2 |  2.3
Transmutations | 1 2 |  2.3
Fire Magic     | 1 2 |  2.3
Ice Magic      | 1 2 |  2.3
Air Magic      | 1 2 |  2.3
Earth Magic    | 1 2 |  2.3
Poison Magic   | 1 2 |  2.3
Dodging        | 3 |  3.9
Invocations    | 5 |  5.6
Axes           | 5 |  5.4
Armour         | 5 |  5.4
Fighting       | 7 |  7.2

Action                   |  1- 3 |  4- 6 |  7- 9 || total
-------------------------+-------+-------+-------++-------
Melee: Hand axe          |    78 |   160 |    23 ||   261
       Bite              |     5 |    14 |    20 ||    39
       Headbutt          |     6 |    20 |       ||    26
       Falchion          |       |       |    97 ||    97
Throw: Throwing net      |       |       |     1 ||     1
Invok: Depart the Abyss  |     1 |       |       ||     1
  Use: Potion            |     1 |       |     2 ||     3
       Scroll            |       |     9 |     1 ||    10
 Stab: Sleeping          |     1 |       |       ||     1
Armor: Leather armour    |    15 |       |       ||    15
       Plate armour      |    37 |   136 |    74 ||   247
       Ring mail         |     3 |       |       ||     3
Dodge: Dodged            |    23 |    17 |    14 ||    54
Block: Kite shield       |    36 |    63 |    55 ||   154
       Rpst.: Falchion   |       |       |     2 ||     2

Table legend: (Time is in decaauts)
 A = Elapsed time spent in this place.
 B = Non-inter-level travel time spent in this place.
 C = Inter-level travel time spent in this place.
 D = Time resting spent in this place.
 E = Time spent auto-exploring this place.
 F = Levels seen in this place.
 G = Mean time per level.
                   A        B        C        D        E       F      G
               +--------+--------+--------+--------+--------+-----+--------+
         Total |   5684 |   5562 |    122 |    691 |   3803 |   7 |  812.0 |
       Dungeon |   5618 |   5496 |    122 |    691 |   3799 |   6 |  936.3 |
         Abyss |     66 |     66 |      0 |      0 |      4 |   1 |   66.0 |
               +--------+--------+--------+--------+--------+-----+--------+

Top non-repeatable levels by time:
     D:5: 1514 daAuts
     D:3: 1494 daAuts
     D:4: 1317 daAuts
     D:1: 656 daAuts
     D:2: 601 daAuts
 Abyss:1: 66 daAuts
     D:6: 34 daAuts
